 Dungeon Crawl Stone Soup version 0.29.1-2-gbd0b4ee654 (webtiles) character file.

Game seed: 15597750117275860549

35 BaabKaare the Ruffian (level 3, 0/28 HPs)
             Began as a Draconian Transmuter on Nov 9, 2022.
             Was an Initiate of Trog (penitent).
             Slain by an iguana (8 damage)
             ... on level 4 of the Dungeon.
             The game lasted 00:08:17 (2150 turns).

BaabKaare the Ruffian (Draconian Transmuter)        Turns: 2150, Time: 00:08:18

Health: 0/28       AC:  5    Str: 14    XL:     3   Next: 17%
Magic:  3/6        EV: 12    Int: 13    God:    Trog [......]
Gold:   42         SH:  0    Dex: 11    Spells: 2/6 levels left

rFire   . . .      SeeInvis .     - Unarmed
rCold   . . .      Faith    .   (no shield)
rNeg    . . .      Spirit   .   (body armour unavailable)
rPois   .          Reflect  .   (helmet currently unavailable)
rElec   .          Harm     .   (no cloak)
rCorr   .          Rampage  .   (no gloves)
Will    .....                   (boots currently unavailable)
Stlth   +.........              (no amulet)
HPRegen 0.09/turn               (no ring)
MPRegen 0.10/turn               (no ring)

@: appendages
A: horns 2, talons 2, AC +5, unfitting armour, cold-blooded
a: End Transformation, Renounce Religion


You were on level 4 of the Dungeon.
You worshipped Trog.
Trog was demanding penance.
You had temporarily grown beastly horns and talons.
You visited 2 branches of the dungeon, and saw 4 of its levels.

You collected 42 gold pieces.

Inventory:

Missiles
 e - 7 stones
Jewellery
 k - a ring of ice
Scrolls
 b - 3 scrolls of identify {unknown}
 d - a scroll of fog {unknown}
 h - a scroll of enchant weapon {unknown}
 i - a scroll of vulnerability {unknown}
 j - a scroll of enchant armour {unknown}
Potions
 a - 2 potions of lignification
 c - a potion of curing {unknown}
 f - a potion of haste {unknown}
 g - a potion of degeneration {unknown}
 l - a potion of heal wounds {unknown}


   Skills:
 + Level 1.1 Fighting
 + Level 2.1 Dodging
 + Level 0.2 Stealth
 + Level 3.6 Unarmed Combat
 + Level 2.1 Spellcasting
 + Level 2.3 Transmutations


You had 2 spell levels left.
You knew the following spells:

 Your Spells              Type           Power      Damage    Failure   Level
a - Beastly Appendage     Tmut           14%        N/A       10%         1
b - Spider Form           Tmut/Pois      4%         N/A       43%         3

Your spell library contained the following spells:

 Spells                   Type           Power      Damage    Failure   Level
 Wereblood                Tmut           7%         N/A       14%         2
 Ice Form                 Ice/Tmut       4%         N/A       83%         4


Dungeon Overview and Level Annotations

Branches:
Dungeon (4/15)             Temple (1/1) D:4

Altars:
Ashenzari
Dithmenos
Hepliaklqana
Kikubaaqudgha
Nemelex Xobeh
Okawaru
Qazlal
Sif Muna
Trog
Uskayaw
Xom
Yredelemnul


Innate Abilities, Weirdness & Mutations

You have temporarily grown beastly horns and talons.
Your plain brown scales are hard. (AC +5)
You cannot fit into any form of body armour.
You are cold-blooded and may be slowed by cold attacks.


Message History

You closely miss the quokka. The quokka bites you.
You hit the quokka.
You kill the quokka!
Trog accepts your kill.
Trog does not appreciate your training of magic skills!
You hit the quokka.
The quokka is severely wounded.
The quokka misses you.
You hit the quokka.
You kill the quokka!
Trog accepts your kill.
Trog does not appreciate your training of magic skills!
You feel a little guilty.
An iguana comes into view.
You see here a quokka corpse.
A worm comes into view.
Your transformation has ended.
The iguana hisses angrily.
You see here a quokka corpse.
Casting: Spider Form (extremely dangerous; 43% risk of failure)
Confirm with . or Enter, or press ? or * to list all spells.
You don't know that spell.
Casting: Spider Form (extremely dangerous; 43% risk of failure)
Confirm with . or Enter, or press ? or * to list all spells.
Casting this spell will place you under penance.
Really cast?
You grow a pair of large bovine horns.
Your feet morph into talons.
You feel guilty. "You will pay for your transgression, mortal!"
You hit the iguana but do no damage.
You headbutt the iguana, but do no damage.
You tail-slap the iguana, but do no damage.
The iguana bites you!
You hit the iguana but do no damage. You claw the iguana.
The iguana is moderately wounded.
The iguana bites you.
* * * LOW HITPOINT WARNING * * *
You barely miss the iguana.
The iguana is moderately wounded.
The iguana bites you!
You die...

................'...
.....#######.####...
..#.# #..........
##+####.#.####
#.#.#.#.###
#.....#.#....#
#.#.#.#.#
#..$..#.#....#
#.#.#.#.
#.....#.#....#
#.#)#.#.
+.....w.l.†..#
#.#.#.#.
#.....###@.#####)#.#.#
#..w.. #........#.#.#
....... ##.#######.#
#...... #.# #......
#.# #...... #.#
#.##### #.# #.# #.


You could see a worm and an iguana.

Vanquished Creatures
  A dart slug (D:1)
  A bat (D:1)
  3 endoplasms
  A giant cockroach (D:4)
  3 goblins
  4 hobgoblins
  2 jackals (D:1)
  A kobold (D:1)
  6 quokkas
  A ball python (D:1)
  2 frilled lizards (D:1)
  2 rats
27 creatures vanquished.

Notes
Turn   | Place    | Note
-------+----------+-------------------------------------------
     0 | D:1      | BaabKaare the Draconian Transmuter began the quest for the
                  | Orb.
     0 | D:1      | Reached XP level 1. HP: 16/16 MP: 3/3
   392 | D:1      | Reached XP level 2. HP: 23/23 MP: 5/5
  1543 | D:2      | Reached XP level 3. HP: 22/28 MP: 6/6
  1547 | D:2      | Learned a level 3 spell: Spider Form
  1720 | D:2      | You fall into a shaft and drop 2 floors!
  1726 | D:4      | Found a staircase to the Ecumenical Temple.
  1732 | Temple   | Entered the Ecumenical Temple
  1908 | Temple   | Became a worshipper of Trog the Wrathful
  2040 | D:4      | Was placed under penance by Trog
  2150 | D:4      | Slain by an iguana

Illustrated notes

Levels and vault maps discovered:
D:1:      spicycebolla_arrival_xxxplode, layout_basic
D:2:      layout_basic, basic_altar, ebering_ecumenical_altar_rust
D:4:      layout_basic, minmay_temple_entry_overgrown, serial_shops, shop
Temple:   hc_temple_tempest_star

Skill      XL: |  1  2 |
---------------+-------+-----
Dodging        | 2 |  2.1
Fighting       | |  1.1
Stealth        | |  0.2
Unarmed Combat | |  3.6
Spellcasting   | |  2.1
Transmutations | |  2.3

Action                   || total
-------------------------++-------
Melee: Unarmed           ||    71
       Kick              ||    15
       Headbutt          ||     9
       Tailslap          ||     6
       Punch             ||     2
 Cast: Beastly Appendage ||    15
       Spider Form       ||     3
 Stab: Sleeping          ||     1
Armor: Skin              ||    13
Dodge: Dodged            ||    38
